 Dungeon Crawl Stone Soup version 0.27.0-1-g7a089689b8 (webtiles) character file.

Game seed: 142824420658487613

176 Strat the Cudgeller (level 5, -1/32 HPs)
             Began as a Gargoyle Necromancer on Aug 5, 2021.
             Slain by a black bear (2 damage)
             ... on level 4 of the Dungeon.
             The game lasted 00:07:12 (4301 turns).

Strat the Cudgeller (Gargoyle Necromancer)          Turns: 4301, Time: 00:07:12

Health: -1/32      AC:  9    Str: 18    XL:     5   Next: 56%
Magic:  8/8        EV: 10    Int: 16    God:
Gold:   167        SH:  0    Dex: 10    Spells: 6/8 levels left

rFire    . . .     SeeInvis .   a - +0 flail
rCold    . . .     Faith    .   (no shield)
rNeg     + . .     Spirit   .   m - +0 ring mail
rPois    ∞         Reflect  .   (no helmet)
rElec    +         Harm     .   (no cloak)
rCorr    .         Rampage  .   (no gloves)
Will     .....                  (no boots)
Stlth    +.........             (no amulet)
HPRegen  0.10/turn              h - +6 ring of strength
MPRegen  0.11/turn              (no ring)

@: no status effects
A: sickness immunity, AC +4, negative energy resistance 1, electricity
resistance, torment resistance 1, petrification resistance
a: no special abilities


You were on level 4 of the Dungeon.
You visited 1 branch of the dungeon, and saw 4 of its levels.

You collected 167 gold pieces.

Inventory:

Hand Weapons
 a - a +0 flail (weapon)
 b - a +0 hunting sling
Missiles
 f - 45 stones
 j - 33 sling bullets
Armour
 c - a +0 robe
 i - a +0 buckler
 k - a +0 scale mail
 l - a +0 leather armour
 m - a +0 ring mail (worn)
Jewellery
 h - a +6 ring of strength (left hand)
Scrolls
 d - 4 scrolls of identify {unknown}
 e - a scroll of holy word {unknown}
 g - a scroll of amnesia {unknown}
 n - a scroll of brand weapon {unknown}
 q - a scroll of acquirement {unknown}
Potions
 o - a potion of curing {unknown}
 p - a potion of magic {unknown}


   Skills:
 - Level 3.0 Fighting
 + Level 4.1 Maces & Flails
 - Level 1.5 Dodging
 - Level 2.1 Stealth
 - Level 2.0 Spellcasting
 - Level 3.2 Necromancy


You had 6 spell levels left.
You knew the following spells:

 Your Spells              Type           Power      Damage    Failure   Level
a - Pain                  Necr           48%        1d6       10%         1
b - Animate Skeleton      Necr           24%        N/A       10%         1

Your spell library contained the following spells:

 Spells                   Type           Power      Damage    Failure   Level
 Vampiric Draining        Necr           6%         2d6       28%         3
 Animate Dead             Necr           6%         N/A       67%         4
 Conjure Flame            Conj/Fire      1%         6-21      73%         3
 Ignite Poison            Fire/Tmut/Pois 1%         N/A       73%         3
 Agony                    Necr           12%        N/A       95%         5
 Sticky Flame             Conj/Fire      1%         2d3       98%         4


Dungeon Overview and Level Annotations

Branches:
Dungeon (4/15)
 Temple: D:4-7

Altars:


Innate Abilities, Weirdness & Mutations

You are immune to sickness and miasma.
Your stone body is resilient. (AC +4)
You are immune to poison.
You resist negative energy. (rN+)
You are resistant to electric shocks. (rElec)
You are resistant to unholy torment.
You are immune to petrification.


Message History

The black bear claws you.
* * * LOW HITPOINT WARNING * * *
The black bear claws you but does no damage.
You barely miss the black bear.
The black bear is heavily wounded.
The black bear closely misses you.
The black bear claws you but does no damage. x2
You hit the black bear.
The black bear is heavily wounded.
The black bear bites you but does no damage.
The black bear closely misses you. The black bear claws you.
* * * LOW HITPOINT WARNING * * *
You closely miss the black bear.
The black bear is heavily wounded.
The black bear bites you.
* * * LOW HITPOINT WARNING * * *
The black bear claws you.
* * * LOW HITPOINT WARNING * * *
The black bear claws you but does no damage.
The black bear bites you but does no damage.
The black bear claws you but does no damage.
The black bear claws you.
* * * LOW HITPOINT WARNING * * *
You sock the black bear!
The black bear is almost dead.
The black bear goes berserk!
You hit the black bear.
The black bear is almost dead.
The black bear barely misses you. The black bear closely misses you.
The black bear claws you but does no damage.
The black bear closely misses you.
The black bear claws you but does no damage.
The black bear claws you.
* * * LOW HITPOINT WARNING * * *
You barely miss the black bear.
The black bear is almost dead.
The black bear bites you.
* * * LOW HITPOINT WARNING * * *
The black bear claws you.
You die...

## #. # #. ##.#.
#
##....#####.####.
#.....<@h.(....†.
##....#####(###..
##.#. .. # #. ##
#. #. #. #.


You could see a black bear (berserk).

Vanquished Creatures
  A scorpion (D:3)
  3 adders (D:3)
  4 worms
  3 orcs (D:3)
  5 ball pythons
  4 endoplasms
  6 giant cockroaches
  9 goblins
  4 hobgoblins
  10 jackals
  2 quokkas
  5 bats
  4 frilled lizards
  5 kobolds
  5 rats
70 creatures vanquished.

Notes
Turn   | Place    | Note
-------+----------+-------------------------------------------
     0 | D:1      | Strat the Gargoyle Necromancer began the quest for the Orb.
     0 | D:1      | Reached XP level 1. HP: 10/10 MP: 3/3
   413 | D:1      | Reached skill level 1 in Fighting
   875 | D:1      | Reached XP level 2. HP: 17/17 MP: 5/5
   877 | D:1      | Learned a level 1 spell: Animate Skeleton
  1187 | D:1      | Reached XP level 3. HP: 22/22 MP: 6/6
  1698 | D:2      | Reached skill level 1 in Maces & Flails
  2472 | D:2      | Reached XP level 4. HP: 23/28 MP: 7/7
  2482 | D:2      | Reached skill level 2 in Maces & Flails
  2677 | D:2      | Found a faded altar of an unknown god.
  3672 | D:3      | Reached skill level 3 in Maces & Flails
  4190 | D:4      | Found the +8 autumn katana {vorpal, Clar}
  4214 | D:4      | Noticed a scorpion
  4236 | D:3      | Killed a scorpion
  4237 | D:3      | Reached skill level 4 in Maces & Flails
  4237 | D:3      | Reached XP level 5. HP: 31/32 MP: 8/8
  4283 | D:4      | Noticed a black bear
  4301 | D:4      | HP: 1/32 [black bear (2)]
  4301 | D:4      | Slain by a black bear

Illustrated notes

Levels and vault maps discovered:
D:1:      dpeg_cavernosity, layout_basic
D:2:      layout_rooms, shapermc_ecumenical_altar_hornbeckon, minmay_distorted
D:3:      layout_basic, grunt_ministairs_8, corexii_corridor_pit
D:4:      layout_loops_ring, lemuel_coloured_pillars_altar, minivault_27

Skill      XL: |  1  2  3  4 |
---------------+-------------+-----
Fighting       | 1 2 3 |  3.0
Maces & Flails | 1 4 |  4.1
Dodging        | |  1.5
Stealth        | |  2.1
Spellcasting   | |  2.0
Necromancy     | |  3.2

Action                   |  1- 3 |  4- 6 || total
-------------------------+-------+-------++-------
Melee: Flail             |    66 |    50 ||   116
       Unarmed           |     2 |       ||     2
 Fire: Hunting sling     |   111 |    70 ||   181
 Cast: Pain              |    13 |       ||    13
Armor: Robe              |    54 |       ||    54
       Scale mail        |    11 |       ||    11
       Ring mail         |       |    53 ||    53
Dodge: Dodged            |    92 |    51 ||   143
